 Dungeon Crawl Stone Soup version 0.29-a0-520-gc852659d43 (webtiles) character file.

Game seed: 8973207936294801584

306 oldriver the Skirmisher (level 6, -1/52 HPs)
             Began as a Palentonga Abyssal Knight on June 1, 2022.
             Was a Priest of Lugonu.
             Slain by a black bear (4 damage)
             ... on level 4 of the Dungeon.
             The game lasted 00:06:56 (3165 turns).

oldriver the Skirmisher (Palentonga Abyssal Knight) Turns: 3165, Time: 00:06:57

Health: -1/52      AC:  6    Str: 19    XL:     6   Next: 16%
Magic:  8/8        EV:  7    Int: 10    God:    Lugonu [***...]
Gold:   29         SH:  8    Dex: 10    Spells: 5/5 levels left

rFire   . . .      SeeInvis +   a - +1 hand axe
rCold   . . .      Faith    .   k - +2 kite shield
rNeg    . . .      Spirit   .   l - +0 ring mail
rPois   .          Reflect  .   (no helmet)
rElec   .          Harm     .   (no cloak)
rCorr   .          Rampage  .   (no gloves)
Will    .....                   (no barding)
Stlth   ..........              j - amulet of magic regeneration
HPRegen 0.17/turn               (no ring)
MPRegen 0.51/turn               (no ring)

@: no status effects
A: large, rugged brown scales 3, see invisible, deformed body, roll 1, armoured
tail
a: Rolling Charge, Renounce Religion, Depart the Abyss, Bend Space, Banish


You were on level 4 of the Dungeon.
You worshipped Lugonu.
Lugonu was most pleased with you.
You visited 1 branch of the dungeon, and saw 4 of its levels.
You visited the Abyss 1 time.

You collected 68 gold pieces.
You spent 39 gold pieces at shops.

Inventory:

Hand Weapons
 a - a +1 hand axe (weapon)
Armour
 k - a +2 kite shield (worn)
 l - a +0 ring mail (worn)
Jewellery
 i - the amulet of Elemental Vulnerability {rPois rF-- rC-- AC+8}
   (You found it on level 4 of the Dungeon)

   [amulet of nothing]

   AC:        It affects your AC (+8).
   rF:        It makes you very vulnerable to fire.
   rC:        It makes you very vulnerable to cold.
   rPois:     It protects you from poison.
 j - an amulet of magic regeneration (around neck)
Scrolls
 f - a scroll of teleportation {unknown}
 m - a scroll of magic mapping {unknown}
Potions
 b - 2 potions of might
 c - a potion of resistance {unknown}
 d - a potion of flight {unknown}
 e - 2 potions of mutation
 g - a potion of berserk rage {unknown}
 h - 4 potions of curing


   Skills:
 * Level 4.4 Fighting
 * Level 3.8 Axes
 + Level 2.3 Armour
 + Level 1.7 Dodging
 + Level 1.1 Shields
 + Level 3.0 Invocations


You had 5 spell levels left.
You didn't know any spells.
Your spell library contained the following spells:

 Spells                   Type           Power      Damage    Failure   Level
 Ignite Poison            Fire/Tmut/Pois 0%         N/A       99%         3
 Mephitic Cloud           Conj/Pois/Air  0%         N/A       99%         3
 Freezing Cloud           Conj/Ice/Air   0%         6-21      100%        5


Dungeon Overview and Level Annotations

Branches:
Dungeon (4/15)
 Temple: D:4-7

Altars:

Shops:
D:3 !

Annotations:
D:4 Sigmund


Innate Abilities, Weirdness & Mutations

You are completely covered in rugged brown scales. (AC +3, +7% HP)
You have supernaturally acute eyesight. (SInv)
Armour fits poorly on your strangely shaped body.
You can roll at nearby foes to attack.
You have a long armoured tail.


Message History

Unknown command.
You closely miss the black bear. You tail-slap the black bear.
The black bear is severely wounded.
A hobgoblin comes into view.
The black bear bites you but does no damage.
The black bear claws you but does no damage. x2
You slash the black bear!
Your tail-slap misses the black bear.
The black bear is almost dead.
The black bear goes berserk!
The black bear bites you! The black bear claws you.
The black bear closely misses you.
You are too injured to fight recklessly!
Unknown command.
You barely miss the black bear.
The black bear is almost dead.
You closely miss the goblin. The black bear bites you!
You block the black bear's attack. The black bear claws you.
* * * LOW HITPOINT WARNING * * *
The goblin hits you but does no damage.
Unknown command.
You barely miss the black bear.
Your tail-slap misses the black bear.
The black bear is almost dead.
You barely miss the goblin. The black bear barely misses you.
The black bear claws you but does no damage.
The black bear completely misses you. The black bear bites you.
* * * LOW HITPOINT WARNING * * *
The black bear closely misses you. You block the black bear's attack.
The goblin hits you but does no damage.
You barely miss the black bear.
The black bear is almost dead.
You hit the goblin.
You kill the goblin!
Lugonu accepts your kill. The black bear bites you.
* * * LOW HITPOINT WARNING * * *
The black bear claws you but does no damage.
The black bear claws you.
* * * LOW HITPOINT WARNING * * *
The black bear closely misses you. You block the black bear's attack.
The black bear claws you.
You die...

###########
#.)@hg.....
#<.#####...
#........#
...#####.#
..# .## .#
#


You could see a black bear (berserk) and a hobgoblin.

Vanquished Creatures
  A bullfrog (D:3)
  2 hounds
  An orc priest (D:3)
  An iguana (D:4)
  5 adders
  3 dart slugs
  4 orcs
  4 ball pythons
  2 bats
  3 endoplasms
  3 giant cockroaches
  5 goblins
  10 hobgoblins
  4 jackals
  8 kobolds
  A quokka (D:3)
  4 frilled lizards
  7 rats
  A spectral goblin (D:2)
69 creatures vanquished.

Notes
Turn   | Place    | Note
-------+----------+-------------------------------------------
     0 | Abyss:1  | oldriver the Palentonga Abyssal Knight began the quest for
                  | the Orb.
     0 | Abyss:1  | Reached XP level 1. HP: 19/19 MP: 2/2
    31 | Abyss:1  | Noticed a wretched star
    33 | D:1      | Escaped the Abyss
   187 | D:1      | Reached XP level 2. HP: 17/25 MP: 3/3
   433 | D:1      | Reached skill level 1 in Dodging
   920 | D:2      | Reached XP level 3. HP: 24/31 MP: 4/4
  1139 | D:2      | Found a faded altar of an unknown god.
  1819 | D:3      | Reached XP level 4. HP: 39/39 MP: 5/5
  1996 | D:3      | Found Homyki's Distillery.
  2116 | D:3      | Noticed a bullfrog
  2180 | D:3      | Killed a bullfrog
  2181 | D:3      | Reached skill level 4 in Fighting
  2181 | D:3      | Reached XP level 5. HP: 39/44 MP: 5/7
  2285 | D:3      | Bought a potion of curing for 39 gold pieces
  2328 | D:3      | Reached *** piety under Lugonu
  2791 | D:4      | Found the amulet of Elemental Vulnerability {rPois rF--
                  | rC-- AC+8}
  2831 | D:4      | Reached skill level 1 in Shields
  2831 | D:4      | Reached XP level 6. HP: 32/52 MP: 8/8
  3112 | D:4      | Noticed Sigmund
  3165 | D:4      | Slain by a black bear

Illustrated notes

Levels and vault maps discovered:
D:1:      onia_arrival_mini_maze, layout_loops_ring, minmay_misc_feat_x
D:2:      layout_loops_ring, dreamdust_ecumenical_altar_drowned_temple
D:3:      layout_loops_ring, serial_shops, nicolae_shop_advertising_works
          [nicolae_subvault_shop_adworks], patterned_corridor
D:4:      minmay_door_path, layout_rooms, uniq_sigmund

Skill      XL: |  1  2  3  4  5 |
---------------+----------------+-----
Dodging        | 1 |  1.7
Axes           | 3 |  3.8
Armour         | 2 |  2.3
Fighting       | 4 |  4.4
Shields        | 1 |  1.1
Invocations    | 3 |  3.0

Action                   |  1- 3 |  4- 6 || total
-------------------------+-------+-------++-------
Melee: Hand axe          |    75 |   122 ||   197
       Tailslap          |    12 |     9 ||    21
Invok: Depart the Abyss  |     1 |       ||     1
 Abil: Rolling Charge    |    33 |    20 ||    53
  Use: Scroll            |     2 |     3 ||     5
       Potion            |       |     1 ||     1
Armor: Leather armour    |    10 |       ||    10
       Ring mail         |     1 |    65 ||    66
Dodge: Dodged            |    28 |    49 ||    77
Block: Kite shield       |     2 |    62 ||    64

Table legend: (Time is in decaauts)
 A = Elapsed time spent in this place.
 B = Non-inter-level travel time spent in this place.
 C = Inter-level travel time spent in this place.
 D = Time resting spent in this place.
 E = Time spent auto-exploring this place.
 F = Levels seen in this place.
 G = Mean time per level.
                   A        B        C        D        E       F      G
               +--------+--------+--------+--------+--------+-----+--------+
         Total |   3219 |   3039 |    180 |    311 |   1917 |   5 |  643.8 |
       Dungeon |   3186 |   3006 |    180 |    311 |   1917 |   4 |  796.5 |
         Abyss |     33 |     33 |      0 |      0 |      0 |   1 |   33.0 |
               +--------+--------+--------+--------+--------+-----+--------+

Top non-repeatable levels by time:
     D:3: 1061 daAuts
     D:2: 1023 daAuts
     D:1: 809 daAuts
     D:4: 292 daAuts
 Abyss:1: 33 daAuts
